Tyr, lawful female dwarven Valkyrie --- --- . .| .-------- -.| -----.-- -------.|..|(((| +.| |......| |...G.|.|..|(((| |.| #.......| |.@h(.|.-|--...|---.| ###|.....<| |..Y..|....---|-....| # -------- | |.....|.............- ### |...... ----|--.{...........| # |..............................| #### | -|---...........-+---|--...|# ### --------.---- |...|....####### +.- |.(%|...| |.| |.%%|...| -.- -----...| . ....| --- ------ Tyr the Fighter Experience level: 8 Strength: 17 Dexterity: 16 Constitution: 16 Intelligence: 9 Wisdom: 8 Charisma: 7 Health: 0(68) Energy: 6(6) AC: 3 Gold: 858 Moves: 2898 Your Inventory: Coins $ - 858 gold pieces Weapons b - 2 uncursed +0 daggers A - the blessed rustproof +1 Excalibur (weapon in hand) Armor c - a blessed +3 small shield (being worn) g - an [uncursed] +0 cloak of displacement (being worn) C - a [blessed] +1 pair of iron shoes E - a blessed +1 pair of jumping boots (being worn) F - an uncursed [+0] pair of leather gloves Comestibles d - 5 uncursed food rations x - an uncursed clove of garlic Scrolls f - a cursed scroll labeled FOOBIE BLETCH [of enchant armor] n - a cursed scroll labeled READ ME [of remove curse] t - an uncursed scroll labeled YUM YUM [of gold detection] u - 3 uncursed unlabeled scrolls [of blank paper] v - a blessed unlabeled scroll [of blank paper] y - a blessed scroll labeled TEMOV [of destroy armor] z - an uncursed scroll labeled NR 9 [of stinking cloud] Potions k - 2 uncursed clear potions [of water] q - an uncursed silver potion [of gain energy] D - an uncursed golden potion [of paralysis] Rings w - a cursed jet ring [of stealth] Wands l - an uncursed wand called nothing [quartz of secret door detection (0:12)] Tools a - an uncursed magic whistle p - an uncursed +0 pick-axe Spells known in the end: Name Level Category Fail Memory Your skills at the end: Fighting Skills Weapon Skills dagger [Basic] long sword [Basic] Spellcasting Skills Final Attributes: You were piously aligned. Hunger level was 195. Your alignment was 24 / 24. Monster difficulty range was 1 - 7. Level difficulty was 7. You were immune to cold. You were immune to level-drain. You had automatic searching. You had infravision. You were displaced. You were stealthy. You could jump. You were held by an owlbear. You were fast. Your luck was zero. You are dead. Vanquished creatures: 3 winter wolves a large dog an ettin zombie 4 wolves a panther an ice vortex a dwarf mummy a werewolf a dog a jaguar a blue jelly an ape a bugbear a water nymph a mountain nymph an orc shaman a rock piercer 2 enormous rats a pony a shrieker 2 gnome lords a paper golem 3 giant ants a little dog 2 dwarves a kobold shaman an orc zombie a wererat 3 iguanas 3 killer bees an acid blob 2 coyotes a hobbit a red mold 17 gnomes 2 gnome zombies 4 geckos 2 jackals a goblin 2 sewer rats 2 grid bugs 3 bats 3 newts 85 creatures vanquished. Voluntary challenges: You used a wielded weapon 108 times. You read items or engraved 6 times. You put on armor 7 times. You never genocided any monsters. You never polymorphed an object. You never changed form. You used no wishes. You wrote Elbereth's name 2 times. You never encountered a bones level. You never used any Sokoban shortcuts. Dungeon overview: The Dungeons of Doom: levels 1 to 8 Level 1 some fountains a long staircase Level 2 some fountains Level 3 an armor shop, a fountain Level 4 an altar, a fountain stairs to The Gnomish Mines Level 7 a fountain Level 8 some fountains The Gnomish Mines: levels 5 to 7 Level 5 stairs to The Dungeons of Doom Level 7 <- You were here some shops, a temple, a magic chest, a fountain History has recorded: On T:1 you entered the Dungeons of Doom to retrieve the Amulet of Yendor! On T:136 you reached level 2 of The Dungeons of Doom. On T:290 you reached level 3 of The Dungeons of Doom. On T:407 you advanced to experience level 2. On T:566 you advanced to experience level 3. On T:585 you reached level 4 of The Dungeons of Doom. On T:791 you advanced to experience level 4. On T:1066 you reached level 5 of The Dungeons of Doom. On T:1268 you reached level 6 of The Dungeons of Doom. On T:1380 you advanced to experience level 5. On T:1453 you reached level 7 of The Dungeons of Doom. On T:1547 you advanced to experience level 6. On T:1716 you reached level 8 of The Dungeons of Doom. On T:1894 you advanced to experience level 7. On T:2089 you advanced to experience level 8. On T:2194 you reached level 1 of The Gnomish Mines. On T:2515 you reached level 2 of The Gnomish Mines. On T:2827 you reached level 3 of The Gnomish Mines. Latest messages: D - an uncursed golden potion. q - an uncursed silver potion. w - a cursed jet ring. a - an uncursed magic whistle. p - an uncursed +0 pick-axe. The air crackles around the gnomish wizard. You hear some noises in the distance. You hear a door open. You finish taking off a +1 pair of iron shoes (being worn). [2 turns] The owlbear hits! (4x) The owlbear grabs you! You finish wearing a blessed +1 pair of hiking boots. Your legs feel longer. [2 turns] You hit the owlbear! The owlbear hits! (2x) You are being crushed. You die... Final status: Farvel Tyr the Valkyrie... You died in The Gnomish Mines on dungeon level 7 with 3342 points, and 858 pieces of gold, after 2898 moves. You were level 8 with a maximum of 68 hit points when you died.